 Dungeon Sprint DCSS version 0.16-a0-4078-g0e80503 (webtiles) character file.

28141 BluebellGnoll the Acrobat (level 13, -1/55 HPs)
             Began as a Spriggan Enchanter on Feb 22, 2015.
             Was the Champion of Vehumet.
             Slain by an alligator snapping turtle (45 damage)
             ... in the Dungeon (Sprint IX: "|||||||||||||||||||||||||||||").
             The game lasted 00:44:33 (4592 turns).

BluebellGnoll the Acrobat (Spriggan Enchanter)      Turns: 4592, Time: 00:44:33

Health: -1/55      AC:  5    Str:  4    XL:     13   Next: 8%
Magic:  30/39      EV: 37    Int: 22    God:    Vehumet [******]
Gold:   580        SH:  0    Dex: 16    Spells: 10 memorised, 12 levels left

rFire  . . .     SeeInvis +     n - +2 rapier (venom)
rCold  . . .     Clarity  .     b - +1 robe
rNeg   . . .     SustAb   .     (shield restricted)
rPois  +         Gourm    .     (helmet restricted)
rElec  .         Spirit   .     K - +1 cloak
rCorr  .         Warding  .     (gloves unavailable)
rMut   .         NoTele   +     (boots unavailable)
MR     +++..                    (no amulet)
Stlth  +++++++++.               J - ring of protection from magic
                                E - ring of poison resistance

@: manticore barbs, very quick, extremely resistant to hostile enchantments,
incredibly stealthy
A: unfitting armour, see invisible, herbivore 3, speed 3, slow metabolism 2
a: Renounce Religion


You were in the Dungeon.
You worshipped Vehumet.
Vehumet was exalted by your worship.
You were not hungry.

You visited 1 branch You collected 1920 gold pieces.
You spent 1340 gold pieces at shops.

Inventory:

Hand weapons
 n - a +2 rapier of venom (weapon)
 y - a +0 short sword of distortion
Missiles
 v - 26 stones (quivered)
 A - 3 needles of confusion
Armour
 b - a +1 robe (worn)
 K - a +1 cloak (worn)
Magical staves
 m - an uncursed staff of energy
Jewellery
 u - the amulet of Vitality {Regen+ HP+15}
   (You found it in the Dungeon)

   [amulet of regeneration]

   It affects your health (+15).
   It increases your rate of regeneration.
 E - a ring of poison resistance (left hand)
 H - an uncursed ring of ice
 I - an uncursed ring of fire
 J - a ring of protection from magic (right hand)
Magical devices
 d - a wand of enslavement (7)
 l - a wand of fire (0)
Scrolls
 i - 8 scrolls of remove curse
 j - 5 scrolls of blinking
 k - 2 scrolls of amnesia
 o - 2 scrolls of enchant armour
 t - 6 scrolls of identify
 w - 2 scrolls of fear
 F - a scroll of immolation
 G - a scroll of enchant weapon
Potions
 e - 9 potions of curing
 f - 8 potions of heal wounds
 g - a potion of invisibility
 h - 3 potions of magic
 q - a potion of cure mutation
 r - a potion of brilliance
 B - a potion of agility
 C - 2 potions of restore abilities
 D - a potion of cancellation
Books
 c - a book of Maledictions

   Spells                             Type                      Level
   a - Corona                         Hexes                        1
   b - Sure Blade                     Hexes/Charms                 2
   c - Ensorcelled Hibernation        Hexes/Ice                    2
   d - Confuse                        Hexes                        3
   e - Dazzling Spray                 Conjuration/Hexes            3
   f - Enslavement                    Hexes                        4
Comestibles
 x - 37 fruits
 z - 15 bread rations


   Skills:
 - Level 9.5 Short Blades
 - Level 25.4 Dodging
 - Level 21.7 Stealth
 - Level 17.8 Spellcasting
 + Level 9.2 Conjurations
 - Level 7.9 Hexes
 - Level 7.6 Charms
 - Level 7.5 Fire Magic


You had 12 spell levels left.
You knew the following spells:

 Your Spells              Type           Power        Failure   Level  Hunger
a - Corona                Hex            ######.      1%          1    None
b - Ensorcelled Hibernat  Hex/Ice        #####.       1%          2    None
c - Confuse               Hex            ######..     1%          3    None
d - Sure Blade            Hex/Chrm       ######....   1%          2    None
e - Dazzling Spray        Conj/Hex       ######..     1%          3    None
f - Enslavement           Hex            ######..     1%          4    None
g - Stone Arrow           Conj/Erth      #####.       1%          3    None
h - Bolt of Fire          Conj/Fire      ######....   4%          6    ####...
i - Iskenderun's Battles  Conj/Chrm      ######..     1%          5    #......
j - Iron Shot             Conj/Erth      #####.....   24%         6    ####...


Dungeon Overview and Level Annotations

Branches:
Dungeon (1/1)

Altars:
Cheibriados
Dithmenos
Elyvilon
Fedhas
Gozag
Kikubaaqudgha
Makhleb
Nemelex Xobeh
Okawaru
Qazlal
Ru
Sif Muna
Trog
Vehumet
Xom
Yredelemnul
Zin
The Shining One
Beogh
Jiyva
Lugonu

Shops:
D (%


Innate Abilities, Weirdness & Mutations

You are tiny and cannot use many weapons and most armour.
You have supernaturally acute eyesight.
You are a herbivore.
You cover ground extremely quickly.
You need consume almost no food.


Message History

Vehumet accepts your kill.
You feel your power returning.
The manticore flicks its tail.
The volley of spikes hits you!
The barbed spikes become lodged in your body.
Casting: Bolt of Fire
Confirm with . or Enter, or press ? or * to list all spells.
Aiming: Confuse
Press: ? - help, Shift-Dir - straight line, f - manticore
Aim: a manticore (lightly wounded, chance 56%)
The manticore resists with significant effort.
Casting: Confuse
Confirm with . or Enter, or press ? or * to list all spells.
Aiming: Confuse
Press: ? - help, Shift-Dir - straight line, f/p - manticore
Aim: a manticore (lightly wounded, chance 56%)
The manticore appears confused.
The alligator snapping turtle bites you from afar!!!
Ouch! That really hurt!
You die...

*,*,*,*,*,*,*,♣.♣)▓[▓.▓.▓.▓.▓.▓_▓
*,*,*,*,*,*,*,♣.♣.▓)▓.▓'▓.▓†▓.▓_▓
*,*,*,*,*,*,*,♣.♣.▓[▓.▓[▓.▓÷▓.▓_▓
*,*,*,*,*,*,*,♣.♣.▓[▓.▓)▓.▓.▓.▓_▓
*,*,*,*,*,*,*,♣.♣.▓[▓.▓)▓.▓%▓.▓_▓
*,*,*,*,*,*,*,♣...▓=▓.▓.▓.▓'▓.▓_▓
*,*,*,*,*,*,*,♣...▓.▓.▓.▓.▓†▓.▓_▓
*,*,*,*,*,*,*,♣.).▓[▓.▓[▓.▓†▓.▓_▓
*,*,*,*,*,*,*,♣H@.▓.▓.▓[▓.▓.▓.▓_▓
*,*+*,*,*,*,*,▓'▓)▓.▓.▓.▓.▓.▓.▓_▓
*,*,*,*,*,*+*,▓t▓.▓.▓.▓.▓.▓.▓.▓_▓
*,*,*,*,*,*,*,▓t▓.▓.▓.▓.▓.▓.▓.▓_▓
*,*,*,*,*,*,*,▓t▓÷▓.▓.▓.▓.▓.▓.▓_▓
*,*,*,*,*,*,*,▓.▓.▓.▓.▓[▓.▓.▓.▓'▓
*,*,*,*,*,*,*,▓.▓.▓.▓.▓'▓.▓.▓.▓)▓
*,*,*,*,*,*,*,▓.▓.▓.▓.▓)▓.▓'▓.▓.▓
*,*,*,*,*,*,*,▓.▓.▓'▓.▓)▓.▓†▓.▓.▓


You could see an alligator snapping turtle, 2 snapping turtles and a manticore
(confused).

Vanquished Creatures
  A lich (D)
  A thorn hunter (D)
  A very ugly thing (D)
  A merfolk impaler (D)
  A hydra (D)
  A naga warrior (D)
  2 ogre magi (D)
  A death yak (D)
  7 orc high priests (D)
  9 orc knights (D)
  A naga ritualist (D)
  A mana viper (D)
  4 hill giants (D)
  A griffon (D)
  A water nymph (D)
  An elephant (D)
  2 manticores (D)
  Maurice (D)
  A salamander (D)
  2 black mambas (D)
  2 naga magi (D)
  6 spiny frogs (D)
  A two-headed ogre (D)
  2 blink frogs (D)
  A bog body (D)
  A snapping turtle (D)
  5 giant leeches (D)
  A shadow (D)
  A vampire (D)
  A mottled dragon (D)
  3 vampire mosquitoes (D)
  A naga (D)
  4 porcupines (D)
  2 water moccasins (D)
  An ice beast (D)
  14 orc warriors (D)
  A boggart (D)
  2 crocodiles (D)
  An eye of draining (D)
  A centaur (D)
  7 giant frogs (D)
  5 hounds (D)
  2 orc priests (D)
  3 orc wizards (D)
  A worker ant (D)
  A gnoll (D)
  An adder (D)
  A river rat (D)
  7 orcs (D)
  A hobgoblin (D)
  A ball python (D)
  A bat (D)
  A goblin (D)
  2 rats (D)
  A briar patch (D)
126 creatures vanquished.

Vanquished Creatures (others)
  A shadow wraith (D)
1 creature vanquished.

Grand Total: 127 creatures vanquished

Notes
Turn   | Place    | Note
--------------------------------------------------------------
     0 | D        | BluebellGnoll, the Spriggan Enchanter, began the quest for the Orb.
     0 | D        | Reached XP level 1. HP: 9/9 MP: 4/4
     9 | D        | Reached skill level 5 in Stealth
    13 | D        | Reached skill level 6 in Stealth
   143 | D        | Noticed a worker ant
   143 | D        | Noticed a hound
   143 | D        | Noticed a hound
   145 | D        | Killed a worker ant
   145 | D        | Reached skill level 10 in Stealth
   145 | D        | Reached XP level 2. HP: 13/13 MP: 7/7
   154 | D        | Killed a hound
   154 | D        | Reached skill level 12 in Stealth
   154 | D        | Reached XP level 3. HP: 11/16 MP: 7/9
   161 | D        | Killed a hound
   161 | D        | Reached skill level 13 in Stealth
   161 | D        | Reached XP level 4. HP: 7/21 MP: 10/12
   169 | D        | Found a glowing silver altar of Zin.
   169 | D        | Found a glowing golden altar of the Shining One.
   169 | D        | Found an ancient bone altar of Kikubaaqudgha.
   169 | D        | Found a basalt altar of Yredelemnul.
   169 | D        | Found a shimmering altar of Xom.
   169 | D        | Found a radiant altar of Vehumet.
   169 | D        | Found an iron altar of Okawaru.
   170 | D        | Found a burning altar of Makhleb.
   171 | D        | Found a deep blue altar of Sif Muna.
   172 | D        | Found a bloodstained altar of Trog.
   173 | D        | Found a sparkling altar of Nemelex Xobeh.
   174 | D        | Found a white marble altar of Elyvilon.
   175 | D        | Found a roughly hewn altar of Beogh.
   176 | D        | Found a viscous altar of Jiyva.
   177 | D        | Became a worshipper of Vehumet
   178 | D        | Found a corrupted altar of Lugonu.
   179 | D        | Found a blossoming altar of Fedhas.
   180 | D        | Found a snail-covered altar of Cheibriados.
   181 | D        | Found a shadowy altar of Dithmenos.
   182 | D        | Found a stormy altar of Qazlal.
   183 | D        | Found an opulent altar of Gozag.
   184 | D        | Found a sacrificial altar of Ru.
   226 | D        | Learned a level 2 spell: Ensorcelled Hibernation
   230 | D        | Learned a level 3 spell: Confuse
   233 | D        | Learned a level 2 spell: Sure Blade
   404 | D        | Noticed an orc warrior
   404 | D        | Noticed a giant frog
   404 | D        | Noticed a giant frog
   404 | D        | Noticed an ice beast
   554 | D        | Killed a giant frog
   554 | D        | Reached skill level 5 in Hexes
   689 | D        | Killed an orc warrior
   689 | D        | Acquired Vehumet's first power
   689 | D        | Offered knowledge of Sandblast by Vehumet.
   689 | D        | Reached XP level 5. HP: 24/24 MP: 11/22
   925 | D        | Killed a giant frog
   925 | D        | Reached XP level 6. HP: 25/28 MP: 17/25
   931 | D        | Learned a level 3 spell: Dazzling Spray
   936 | D        | Learned a level 4 spell: Enslavement
   965 | D        | Killed an ice beast
  1041 | D        | Noticed a centaur
  1041 | D        | Noticed a hill giant
  1041 | D        | Noticed a two-headed ogre
  1041 | D        | Noticed a vampire mosquito
  1041 | D        | Noticed a hill giant
  1041 | D        | Noticed a mottled dragon
  1070 | D        | Killed a hill giant
  1070 | D        | Offered knowledge of Sting by Vehumet.
  1070 | D        | Reached skill level 14 in Stealth
  1070 | D        | Reached XP level 7. HP: 25/32 MP: 27/27
  1103 | D        | Killed a two-headed ogre
  1103 | D        | Reached skill level 15 in Stealth
  1108 | D        | Killed a centaur
  1114 | D        | Killed a vampire mosquito
  1114 | D        | Acquired Vehumet's second power
  1114 | D        | Reached skill level 16 in Stealth
  1243 | D        | Killed a hill giant
  1243 | D        | Offered knowledge of Stone Arrow by Vehumet.
  1243 | D        | Reached skill level 17 in Stealth
  1243 | D        | Reached XP level 8. HP: 36/36 MP: 22/28
  1253 | D        | Learned a level 3 spell: Stone Arrow
  1270 | D        | Killed a mottled dragon
  1270 | D        | Offered knowledge of Olgreb's Toxic Radiance by Vehumet.
  1406 | D        | Noticed a hound
  1406 | D        | Noticed a hound
  1406 | D        | Noticed a giant frog
  1406 | D        | Noticed a porcupine
  1406 | D        | Noticed a blink frog
  1406 | D        | Noticed a porcupine
  1409 | D        | Killed a hound
  1412 | D        | Noticed a porcupine
  1413 | D        | Killed a hound
  1413 | D        | Acquired Vehumet's third power
  1413 | D        | Reached skill level 10 in Spellcasting
  1415 | D        | Killed a giant frog
  1417 | D        | Killed a porcupine
  1423 | D        | Killed a porcupine
  1431 | D        | Killed a blink frog
  1431 | D        | Offered knowledge of Conjure Flame by Vehumet.
  1431 | D        | Reached skill level 5 in Short Blades
  1438 | D        | Killed a porcupine
  1438 | D        | Reached XP level 9. HP: 39/39 MP: 19/32
  1445 | D        | Noticed a spiny frog
  1456 | D        | Killed a spiny frog
  1513 | D        | Noticed a giant frog
  1513 | D        | Noticed a water moccasin
  1513 | D        | Noticed a spiny frog
  1513 | D        | Noticed a spiny frog
  1513 | D        | Noticed a hound
  1513 | D        | Noticed a spiny frog
  1514 | D        | Noticed a porcupine
  1520 | D        | Killed a giant frog
  1523 | D        | Noticed an elephant
  1523 | D        | Killed a water moccasin
  1523 | D        | Reached skill level 18 in Stealth
  1530 | D        | Killed a spiny frog
  1530 | D        | Reached skill level 19 in Stealth
  1533 | D        | Killed a hound
  1538 | D        | Killed a spiny frog
  1538 | D        | Reached skill level 20 in Stealth
  1543 | D        | Killed a porcupine
  1545 | D        | Killed a spiny frog
  1551 | D        | Killed an elephant
  1551 | D        | Reached skill level 21 in Stealth
  1618 | D        | Noticed a blink frog
  1618 | D        | Noticed a spiny frog
  1618 | D        | Noticed a giant frog
  1618 | D        | Noticed a giant leech
  1619 | D        | Noticed a giant leech
  1620 | D        | Killed a blink frog
  1620 | D        | Offered knowledge of Conjure Ball Lightning by Vehumet.
  1621 | D        | Noticed a giant leech
  1621 | D        | Noticed a giant leech
  1622 | D        | Killed a spiny frog
  1622 | D        | Reached skill level 15 in Dodging
  1622 | D        | Reached XP level 10. HP: 44/44 MP: 33/33
  1623 | D        | Noticed a vampire mosquito
  1624 | D        | Killed a giant frog
  1651 | D        | Killed a giant leech
  1656 | D        | Killed a giant leech
  1673 | D        | Killed a giant leech
  1688 | D        | Killed a vampire mosquito
  1702 | D        | Killed a giant leech
  1809 | D        | Noticed Maurice
  1817 | D        | Killed Maurice
  1839 | D        | Noticed an orc warrior
  1839 | D        | Noticed an orc wizard
  1839 | D        | Noticed an orc knight
  1839 | D        | Noticed an orc priest
  1839 | D        | Noticed an orc wizard
  1840 | D        | Noticed an orc warrior
  1841 | D        | Killed an orc warrior
  1845 | D        | Killed an orc wizard
  1847 | D        | Killed an orc priest
  1852 | D        | Killed an orc wizard
  1864 | D        | Killed an orc warrior
  1864 | D        | Offered knowledge of Iskenderun's Battlesphere by Vehumet.
  1871 | D        | Learned a level 5 spell: Iskenderun's Battlesphere
  1896 | D        | Noticed an orc warrior
  1905 | D        | Killed an orc knight
  1913 | D        | Noticed an orc wizard
  1914 | D        | Killed an orc warrior
  1917 | D        | Noticed an orc warrior
  1918 | D        | Noticed an orc priest
  1927 | D        | Killed an orc wizard
  1929 | D        | Killed an orc warrior
  1931 | D        | Killed an orc priest
  1969 | D        | Noticed an orc warrior
  1969 | D        | Noticed an orc warrior
  1969 | D        | Noticed an orc knight
  1969 | D        | Noticed an orc warrior
  1969 | D        | Noticed an orc warrior
  1969 | D        | Noticed an orc knight
  1969 | D        | Noticed an orc warrior
  1972 | D        | Noticed an orc warrior
  1974 | D        | Killed an orc warrior
  1997 | D        | Killed an orc knight
  2002 | D        | Killed an orc knight
  2007 | D        | Killed an orc warrior
  2007 | D        | Offered knowledge of Venom Bolt by Vehumet.
  2008 | D        | Noticed an orc warrior
  2027 | D        | Killed an orc warrior
  2030 | D        | Killed an orc warrior
  2057 | D        | Killed an orc warrior
  2065 | D        | Killed an orc warrior
  2073 | D        | Killed an orc warrior
  2123 | D        | Noticed an orc warrior
  2137 | D        | Killed an orc warrior
  2163 | D        | Found Qabesyev's Weapon Emporium.
  2163 | D        | Noticed an orc knight
  2163 | D        | Noticed an orc high priest
  2163 | D        | Noticed an orc knight
  2163 | D        | Noticed an orc high priest
  2163 | D        | Noticed an orc high priest
  2163 | D        | Noticed an orc high priest
  2164 | D        | Found Orhojaac's Distillery.
  2167 | D        | Noticed an orc knight
  2168 | D        | Killed an orc high priest
  2168 | D        | Reached XP level 11. HP: 45/47 MP: 34/34
  2169 | D        | Killed an orc high priest
  2226 | D        | Killed an orc knight
  2226 | D        | Reached skill level 22 in Dodging
  2231 | D        | Killed an orc high priest
  2246 | D        | Killed an orc high priest
  2331 | D        | Killed an orc knight
  2331 | D        | Reached skill level 23 in Dodging
  2346 | D        | Killed an orc knight
  2346 | D        | Offered knowledge of Bolt of Fire by Vehumet.
  2354 | D        | Learned a level 6 spell: Bolt of Fire
  2378 | D        | Noticed an orc knight
  2403 | D        | Killed an orc knight
  2414 | D        | Found Telokhli's Magic Scroll Emporium.
  2418 | D        | Found Eckyi's Food Shoppe.
  2421 | D        | Noticed an orc high priest
  2422 | D        | Noticed an orc knight
  2426 | D        | Noticed an orc high priest
  2446 | D        | Killed an orc high priest
  2446 | D        | Reached skill level 24 in Dodging
  2461 | D        | Killed an orc knight
  2481 | D        | Noticed an orc high priest
  2492 | D        | Killed an orc high priest
  2643 | D        | Killed an orc high priest
  2649 | D        | Noticed an orc knight
  2673 | D        | Killed an orc knight
  2673 | D        | Reached skill level 15 in Spellcasting
  2686 | D        | Bought a scroll of magic mapping for 38 gold pieces
  2687 | D        | Bought a scroll of blinking for 82 gold pieces
  2687 | D        | Bought a scroll of blinking for 82 gold pieces
  2692 | D        | Bought 3 needles of confusion for 21 gold pieces
  2703 | D        | Bought a potion of heal wounds for 70 gold pieces
  2703 | D        | Bought a potion of curing for 42 gold pieces
  2703 | D        | Bought a potion of heal wounds for 70 gold pieces
  2703 | D        | Bought 2 potions of agility for 112 gold pieces
  2703 | D        | Bought a potion of restore abilities for 70 gold pieces
  2703 | D        | Bought a potion of cancellation for 112 gold pieces
  2703 | D        | Bought a potion of heal wounds for 70 gold pieces
  2705 | D        | Bought a scroll of random uselessness for 11 gold pieces
  2705 | D        | Bought a scroll of immolation for 38 gold pieces
  2705 | D        | Bought a scroll of identify for 22 gold pieces
  2705 | D        | Bought a scroll of remove curse for 33 gold pieces
  2705 | D        | Bought a scroll of enchant weapon for 82 gold pieces
  2708 | D        | Bought a bread ration for 55 gold pieces
  2708 | D        | Bought a bread ration for 55 gold pieces
  2708 | D        | Bought a bread ration for 55 gold pieces
  2710 | D        | Bought a scroll of fear for 38 gold pieces
  2712 | D        | Bought a potion of brilliance for 56 gold pieces
  2712 | D        | Bought a potion of restore abilities for 70 gold pieces
  2712 | D        | Bought a potion of brilliance for 56 gold pieces
  2907 | D        | Noticed an orc warrior
  2907 | D        | Noticed a manticore
  2907 | D        | Noticed a shadow
  2907 | D        | Noticed an eye of draining
  2907 | D        | Noticed a hill giant
  2907 | D        | Noticed a hill giant
  2907 | D        | Noticed a giant frog
  2908 | D        | Noticed a giant frog
  2909 | D        | Killed an orc warrior
  2910 | D        | Noticed a vampire
  2911 | D        | Killed a manticore
  2912 | D        | Noticed a boggart
  2932 | D        | Killed an eye of draining
  2932 | D        | Offered knowledge of Iron Shot by Vehumet.
  2952 | D        | Learned a level 6 spell: Iron Shot
  2986 | D        | Killed a shadow
  3008 | D        | Killed a hill giant
  3028 | D        | Killed a hill giant
  3036 | D        | Killed a giant frog
  3042 | D        | Killed a giant frog
  3142 | D        | Killed a vampire
  3172 | D        | Killed a boggart
  3179 | D        | Noticed an ogre mage
  3200 | D        | Noticed a death yak
  3200 | D        | Killed an ogre mage
  3200 | D        | Offered knowledge of Ozocubu's Refrigeration by Vehumet.
  3200 | D        | Reached XP level 12. HP: 51/51 MP: 25/38
  3232 | D        | Killed a death yak
  3235 | D        | Noticed a lich
  3546 | D        | Noticed a Hell Sentinel
  3576 | D        | Killed a lich
  3576 | D        | Reached skill level 25 in Dodging
  3627 | D        | Noticed an ogre mage
  3637 | D        | Killed an ogre mage
  3637 | D        | Reached skill level 1 in Conjurations
  3807 | D        | Noticed a red very ugly thing
  3815 | D        | Killed a red very ugly thing
  3972 | D        | Noticed a crocodile
  3977 | D        | Noticed a crocodile
  3982 | D        | Killed a crocodile
  3982 | D        | Killed a crocodile
  3983 | D        | Noticed a vampire mosquito
  3984 | D        | Killed a vampire mosquito
  3984 | D        | Offered knowledge of Poisonous Cloud by Vehumet.
  3985 | D        | Noticed a spiny frog
  3987 | D        | Killed a spiny frog
  3994 | D        | Noticed a four-headed hydra
  3996 | D        | Noticed a bog body
  3996 | D        | Noticed a thorn hunter
  4021 | D        | Killed a bog body
  4022 | D        | Killed a four-headed hydra
  4031 | D        | Noticed a giant leech
  4041 | D        | Killed a giant leech
  4041 | D        | Reached skill level 5 in Fire Magic
  4047 | D        | Noticed a water moccasin
  4074 | D        | Killed a thorn hunter
  4074 | D        | Reached skill level 5 in Conjurations
  4128 | D        | Killed a water moccasin
  4204 | D        | Noticed a naga ritualist
  4210 | D        | Noticed a black mamba
  4211 | D        | Killed a naga ritualist
  4213 | D        | Killed a black mamba
  4223 | D        | Noticed a naga mage
  4232 | D        | Killed a naga mage
  4232 | D        | Offered knowledge of Fire Storm by Vehumet.
  4232 | D        | Offered knowledge of Glaciate by Vehumet.
  4232 | D        | Offered knowledge of Tornado by Vehumet.
  4242 | D        | Noticed a naga warrior
  4256 | D        | Noticed a black mamba
  4259 | D        | Noticed a naga
  4301 | D        | Killed a naga
  4304 | D        | Killed a naga warrior
  4312 | D        | Killed a black mamba
  4435 | D        | Noticed a naga mage
  4435 | D        | Noticed a mana viper
  4476 | D        | Noticed a salamander
  4478 | D        | Killed a salamander
  4532 | D        | Killed a mana viper
  4540 | D        | Killed a naga mage
  4573 | D        | Noticed a griffon
  4573 | D        | Noticed a snapping turtle
  4573 | D        | Noticed a manticore
  4573 | D        | Noticed a water nymph
  4573 | D        | Noticed a merfolk impaler
  4573 | D        | Noticed a manticore
  4573 | D        | Noticed a snapping turtle
  4574 | D        | Noticed a snapping turtle
  4575 | D        | Killed a griffon
  4576 | D        | Noticed an alligator snapping turtle
  4577 | D        | Killed a snapping turtle
  4577 | D        | Reached XP level 13. HP: 55/55 MP: 39/39
  4582 | D        | Killed a water nymph
  4582 | D        | Killed a merfolk impaler
  4590 | D        | Killed a manticore
  4592 | D        | Slain by an alligator snapping turtle

Action                   |  1- 3 |  4- 6 |  7- 9 | 10-12 | 13-15 || total
-------------------------+-------+-------+-------+-------+-------++-------
Melee: Dagger            |    27 |       |       |       |       ||    27
       Rapier            |       |    11 |    50 |   145 |     3 ||   209
 Cast: Corona            |     1 |       |       |       |       ||     1
       Confuse           |       |    16 |    14 |    88 |     3 ||   121
       Ensorcelled Hiber |       |     8 |    20 |    17 |       ||    45
       Sure Blade        |       |     1 |       |     1 |       ||     2
       Dazzling Spray    |       |       |     4 |    12 |       ||    16
       Stone Arrow       |       |       |       |    34 |       ||    34
       Iskenderun's Batt |       |       |       |     7 |       ||     7
       Bolt of Fire      |       |       |       |     5 |     2 ||     7
Evoke: Wand              |       |       |       |     7 |       ||     7
       Staff of energy   |       |       |       |     2 |       ||     2
  Use: Potion            |     2 |       |       |     7 |       ||     9
       Scroll            |       |       |       |     1 |       ||     1
 Stab: Sleeping          |     1 |     1 |    12 |    15 |       ||    29
       Confused          |       |     5 |     9 |    33 |       ||    47
  Eat: Bread ration      |       |       |     1 |       |       ||     1
       Fruit             |       |       |       |     3 |       ||     3
